TOP OF THE 1ST |
Santa Barbara Golden Cranes batting - Pitching for Florida Men : LHP Ray Neely
|
Pitching: LHP Ray Neely
|
|
Batting: RHB Luis Trevino
|
0-0: Called Strike 0-1: Called Strike 0-2: Fly out, F6 (Line Drive, 6)
|
Batting: RHB Daniel Maldonado
|
0-0: Ball 1-0: Ball 2-0: Foul Ball, location: 2F 2-1: Called Strike 2-2: Foul Ball, location: 2F 2-2: Foul Ball, location: 2F 2-2: SINGLE (Groundball, 6MD)
|
Batting: RHB Logan Manning
|
0-0: Ball 1-0: Swinging Strike 1-1: Ball 2-1: Fielders Choice at 2nd, 1-6 (Groundball, P)
|
Batting: RHB Terry Sylvester
|
0-0: Ball 1-0: 2-RUN HOME RUN (Flyball, 78XD), Distance : 419 ft
|
Batting: RHB Gilbert Graham
|
0-0: Called Strike 0-1: Foul Ball, location: 2F 0-2: Ball 1-2: Fly out, F7 (Line Drive, 7LD)
|
Top of the 1st over - 2 run(s), 2 hit(s), 0 error(s), 0 left on base; Santa Barbara 2 - Florida 0 |
BOTTOM OF THE 1ST |
Florida Men batting - Pitching for Santa Barbara Golden Cranes : LHP José Ortíz
|
Pitching: LHP José Ortíz
|
|
Batting: RHB Gilberto Patino
|
0-0: Ball 1-0: DOUBLE (Flyball, 8RXD) - OUT at third base trying to stretch hit.
|
Batting: RHB Phil Baker
|
0-0: Ball 1-0: Swinging Strike 1-1: Ball 2-1: Ball 3-1: Called Strike 3-2: Foul Ball, location: 2F 3-2: Base on Balls
|
Batting: RHB Mesa Altuve
|
0-0: Ball 1-0: Fly out, F9 (Line Drive, 89M)
|
Batting: LHB Bastyăo Lizardo
|
0-0: Ball 1-0: Called Strike 1-1: Foul Ball, location: 2F 1-2: Fielders Choice at 2nd, 4-6 (Groundball, 4)
|
Bottom of the 1st over - 0 run(s), 1 hit(s), 0 error(s), 0 left on base; Santa Barbara 2 - Florida 0 |
TOP OF THE 2ND |
Santa Barbara Golden Cranes batting - Pitching for Florida Men : LHP Ray Neely
|
Batting: LHB Sixto Álvarez
|
0-0: Called Strike 0-1: Ball 1-1: Called Strike 1-2: Ball 2-2: Ball 3-2: Ground out U3 (Groundball, 3)
|
Batting: RHB Edmund Gallagher
|
0-0: Called Strike 0-1: Foul Ball, location: 2F 0-2: Ball 1-2: Foul Ball, location: 2F 1-2: Ball 2-2: Ball 3-2: Ground out 5-3 (Groundball, 56S)
|
Batting: RHB Ed St. James
|
0-0: Ball 1-0: Ball 2-0: Foul Ball, location: 2F 2-1: Ball 3-1: Base on Balls
|
Batting: LHB Armando Villarreal
|
0-0: Fly out, F6 (Popup, 6D)
|
Top of the 2nd over - 0 run(s), 0 hit(s), 0 error(s), 1 left on base; Santa Barbara 2 - Florida 0 |
BOTTOM OF THE 2ND |
Florida Men batting - Pitching for Santa Barbara Golden Cranes : LHP José Ortíz
|
Batting: RHB Israel Sanders
|
0-0: Called Strike 0-1: Swinging Strike 0-2: Ball 1-2: Foul Ball, location: 2F 1-2: Fly out, F8 (Flyball, 8LS)
|
Batting: SHB Luis Gutiérrez
|
0-0: Ground out 6-3 (Groundball, 6)
|
Batting: RHB Lorenzo Díaz
|
0-0: Ball 1-0: Called Strike 1-1: Ball 2-1: Called Strike 2-2: Ball 3-2: DOUBLE (Flyball, 89D)
|
Batting: RHB Pat Ings
|
0-0: Ball 1-0: Foul Ball, location: 2F 1-1: Foul Ball, location: 2F 1-2: Foul Ball, location: 2F 1-2: Foul Ball, location: 2F 1-2: Ball 2-2: Ground out 5-3 (Groundball, 56)
|
Bottom of the 2nd over - 0 run(s), 1 hit(s), 0 error(s), 1 left on base; Santa Barbara 2 - Florida 0 |
TOP OF THE 3RD |
Santa Barbara Golden Cranes batting - Pitching for Florida Men : LHP Ray Neely
|
Batting: RHB Luis Trevino
|
0-0: Ball 1-0: Ball 2-0: Called Strike 2-1: Swinging Strike 2-2: Foul Ball, location: 2F 2-2: Reached on error, E8 (Flyball, 8LM)
|
Batting: RHB Daniel Maldonado
|
0-0: Ball 1-0: Fly out, F7 (Flyball, 7S)
|
Batting: RHB Logan Manning
|
0-0: Called Strike 0-1: Ball 1-1: Fly out, F8 (Line Drive, 8RD)
|
Batting: RHB Terry Sylvester
|
0-0: Called Strike Luis Trevino steals 2nd base 0-1: Foul Ball, location: 2F 0-2: Fly out, F4 (Popup, 34D)
|
Top of the 3rd over - 0 run(s), 0 hit(s), 1 error(s), 1 left on base; Santa Barbara 2 - Florida 0 |
BOTTOM OF THE 3RD |
Florida Men batting - Pitching for Santa Barbara Golden Cranes : LHP José Ortíz
|
Batting: RHB Jim Unknown
|
0-0: Fly out, F7 (Flyball, 7LSF)
|
Batting: RHB Gilberto Patino
|
0-0: Ball 1-0: Foul Ball, location: 2F 1-1: Ball 2-1: Called Strike 2-2: TRIPLE (Flyball, 8LXD)
|
Batting: RHB Phil Baker
|
0-0: Swinging Strike 0-1: Ball 1-1: Fly out, F8 (Flyball, 8RS)
|
Batting: RHB Mesa Altuve
|
0-0: SINGLE (Groundball, 4D) Gilberto Patino scores
|
Batting: LHB Bastyăo Lizardo
|
0-0: Ball 1-0: Foul Ball, location: 2F 1-1: Fielders Choice at 2nd, 4-6 (Groundball, 34)
|
Bottom of the 3rd over - 1 run(s), 2 hit(s), 0 error(s), 0 left on base; Santa Barbara 2 - Florida 1 |
TOP OF THE 4TH |
Santa Barbara Golden Cranes batting - Pitching for Florida Men : LHP Ray Neely
|
Batting: RHB Gilbert Graham
|
0-0: Called Strike 0-1: Ball 1-1: Ball 2-1: Ball 3-1: Swinging Strike 3-2: Ground out 1-3 (Groundball, 15S)
|
Batting: LHB Sixto Álvarez
|
0-0: Ball 1-0: Foul Ball, location: 2F 1-1: Ball 2-1: Called Strike 2-2: Foul Ball, location: 2F 2-2: Strikes out swinging
|
Batting: RHB Edmund Gallagher
|
0-0: Called Strike 0-1: Foul Ball, location: 2F 0-2: Strikes out swinging, 2-3 out at first.
|
Top of the 4th over - 0 run(s), 0 hit(s), 0 error(s), 0 left on base; Santa Barbara 2 - Florida 1 |
BOTTOM OF THE 4TH |
Florida Men batting - Pitching for Santa Barbara Golden Cranes : LHP José Ortíz
|
Batting: RHB Israel Sanders
|
0-0: Ball 1-0: Foul Ball, location: 2F 1-1: Ball 2-1: Ball 3-1: Base on Balls
|
Batting: SHB Luis Gutiérrez
|
0-0: Swinging Strike 0-1: Ball 1-1: Fly out, F4 (Line Drive, 4M)
|
Batting: RHB Lorenzo Díaz
|
0-0: Called Strike Israel Sanders steals 2nd base 0-1: Ball 1-1: Ball 2-1: Ground out 1-3 (Groundball, 13S) Israel Sanders to third
|
Batting: RHB Pat Ings
|
0-0: Called Strike 0-1: Ball 1-1: Ground out 4-3 (Groundball, 4)
|
Bottom of the 4th over - 0 run(s), 0 hit(s), 0 error(s), 1 left on base; Santa Barbara 2 - Florida 1 |
TOP OF THE 5TH |
Santa Barbara Golden Cranes batting - Pitching for Florida Men : LHP Ray Neely
|
Batting: RHB Ed St. James
|
0-0: Ball 1-0: Called Strike 1-1: Swinging Strike 1-2: Foul Ball, location: 2F 1-2: Ball 2-2: SINGLE (Groundball, 4MD)
|
Batting: LHB Armando Villarreal
|
Balk! Ed St. James to second 0-0: Foul Ball, location: 2F 0-1: Foul Ball, location: 2F 0-2: Ball 1-2: SINGLE (Flyball, 7LM) Ed St. James to third
|
Batting: RHB Luis Trevino
|
0-0: Ball 1-0: Fielders Choice at 2nd, 6-4 (Groundball, 6) Ed St. James scores
|
Batting: RHB Daniel Maldonado
|
0-0: Ball Luis Trevino steals 2nd base 1-0: Ball 2-0: Called Strike 2-1: Foul Ball, location: 2F 2-2: Ball 3-2: Foul Ball, location: 2F 3-2: Base on Balls
|
Batting: RHB Logan Manning
|
0-0: Ball 1-0: Ball 2-0: Ball 3-0: Base on Balls Luis Trevino to third Daniel Maldonado to second
|
Batting: RHB Terry Sylvester
|
0-0: Called Strike 0-1: Ball 1-1: Ball 2-1: Ball 3-1: Foul Ball, location: 2F 3-2: Foul Ball, location: 2F 3-2: Base on Balls Luis Trevino scores Daniel Maldonado to third Logan Manning to second
|
Batting: RHB Gilbert Graham
|
0-0: DOUBLE (Line Drive, 7LM) Daniel Maldonado scores Logan Manning scores Terry Sylvester to third
|
Pitching: RHP Carlos González
|
|
Batting: LHB Sixto Álvarez
|
0-0: Ground out 4-3 (Groundball, 4) Terry Sylvester scores Gilbert Graham to third
|
Batting: RHB Edmund Gallagher
|
0-0: Called Strike 0-1: Foul Ball, location: 2F 0-2: Foul Ball, location: 2F 0-2: Ball 1-2: Ball 2-2: Ball 3-2: Base on Balls
|
Batting: RHB Ed St. James
|
0-0: Swinging Strike 0-1: Ball 1-1: Foul Ball, location: 2F 1-2: Strikes out swinging
|
Top of the 5th over - 5 run(s), 3 hit(s), 0 error(s), 2 left on base; Santa Barbara 7 - Florida 1 |
BOTTOM OF THE 5TH |
Florida Men batting - Pitching for Santa Barbara Golden Cranes : LHP José Ortíz
|
Batting: RHB Jim Unknown
|
0-0: Ball 1-0: Ball 2-0: Called Strike 2-1: Swinging Strike 2-2: Strikes out swinging
|
Batting: RHB Gilberto Patino
|
0-0: Ball 1-0: Swinging Strike 1-1: Foul Ball, location: 2F 1-2: Hit by Pitch
|
Batting: RHB Phil Baker
|
0-0: Called Strike 0-1: Ball 1-1: Foul Ball, location: 2F 1-2: Foul Ball, location: 2F 1-2: SINGLE (Line Drive, 6MD) Gilberto Patino to second
|
Batting: RHB Mesa Altuve
|
0-0: Ball 1-0: Foul Ball, location: 2F 1-1: Grounds into double play, 6-4-3 (Groundball, 6)
|
Bottom of the 5th over - 0 run(s), 1 hit(s), 0 error(s), 1 left on base; Santa Barbara 7 - Florida 1 |
TOP OF THE 6TH |
Santa Barbara Golden Cranes batting - Pitching for Florida Men : RHP Carlos González
|
Batting: LHB Armando Villarreal
|
0-0: SINGLE (Groundball, 6D)
|
Batting: RHB Luis Trevino
|
0-0: Ball 1-0: Ball 2-0: Called Strike 2-1: Called Strike 2-2: Strikes out swinging
|
Batting: RHB Daniel Maldonado
|
0-0: Called Strike 0-1: Called Strike 0-2: Ball 1-2: Ball 2-2: Ball 3-2: Foul Ball, location: 2F 3-2: 2-RUN HOME RUN (Flyball, 9D), Distance : 379 ft
|
Batting: RHB Logan Manning
|
0-0: Called Strike 0-1: SINGLE (Line Drive, 89S)
|
Batting: RHB Terry Sylvester
|
0-0: Ball 1-0: Called Strike 1-1: Ball 2-1: Ball 3-1: Base on Balls Logan Manning to second
|
Batting: RHB Gilbert Graham
|
0-0: Ball 1-0: Ball 2-0: Grounds into double play, 5-4-3 (Groundball, 56)
|
Top of the 6th over - 2 run(s), 3 hit(s), 0 error(s), 1 left on base; Santa Barbara 9 - Florida 1 |
BOTTOM OF THE 6TH |
Florida Men batting - Pitching for Santa Barbara Golden Cranes : LHP José Ortíz
|
Batting: LHB Bastyăo Lizardo
|
0-0: Ball 1-0: Ball 2-0: Ball 3-0: Called Strike 3-1: Base on Balls
|
Batting: RHB Israel Sanders
|
0-0: Ball 1-0: Ball 2-0: Foul Ball, location: 2F 2-1: Foul Ball, location: 2F 2-2: Ball 3-2: Base on Balls Bastyăo Lizardo to second
|
Batting: SHB Luis Gutiérrez
|
0-0: Foul Ball, location: 2F 0-1: Foul Ball, location: 2F 0-2: Ball 1-2: Foul Ball, location: 2F 1-2: Fly out, F4 (Line Drive, 4M)
|
Batting: RHB Lorenzo Díaz
|
0-0: Ball 1-0: Called Strike 1-1: Ball 2-1: SINGLE (Groundball, 5L) (infield hit) Bastyăo Lizardo to third Israel Sanders to second
|
Batting: RHB Pat Ings
|
0-0: Fielders Choice at 2nd, 6-4 (Groundball, 56) Bastyăo Lizardo scores Israel Sanders to third
|
Batting: RHB Jim Unknown
|
0-0: Ball 1-0: Foul Ball, location: 2F 1-1: Foul Ball, location: 2F 1-2: Fly out, F4 (Flyball, 34D)
|
Bottom of the 6th over - 1 run(s), 1 hit(s), 0 error(s), 2 left on base; Santa Barbara 9 - Florida 2 |
TOP OF THE 7TH |
Santa Barbara Golden Cranes batting - Pitching for Florida Men : RHP Carlos González
|
Batting: LHB Sixto Álvarez
|
0-0: Ball 1-0: Ball 2-0: Ground out 4-3 (Groundball, 4)
|
Batting: RHB Edmund Gallagher
|
0-0: Ball 1-0: Ball 2-0: Called Strike 2-1: Ball 3-1: Foul Ball, location: 2F 3-2: SINGLE (Groundball, 56D)
|
Batting: RHB Ed St. James
|
0-0: Ball 1-0: DOUBLE (Line Drive, 78D) Edmund Gallagher to third Runner from 3rd tries for Home, throw and OUT! Ed St. James to third
|
Batting: LHB Armando Villarreal
|
0-0: Called Strike 0-1: Ball 1-1: Ball 2-1: Foul Ball, location: 2F 2-2: Foul Ball, location: 2F 2-2: Foul Ball, location: 2F 2-2: Ball 3-2: Base on Balls
|
Batting: RHB Luis Trevino
|
0-0: Ball 1-0: Foul Ball, location: 2F 1-1: Called Strike 1-2: Strikes out swinging
|
Top of the 7th over - 0 run(s), 2 hit(s), 0 error(s), 2 left on base; Santa Barbara 9 - Florida 2 |
BOTTOM OF THE 7TH |
Florida Men batting - Pitching for Santa Barbara Golden Cranes : LHP José Ortíz
|
Batting: RHB Gilberto Patino
|
0-0: Ball 1-0: Ball 2-0: Called Strike 2-1: Foul Ball, location: 2F 2-2: Strikes out swinging
|
Batting: RHB Phil Baker
|
0-0: Called Strike 0-1: Ball 1-1: Called Strike 1-2: SINGLE (Groundball, 4D)
|
Batting: RHB Mesa Altuve
|
0-0: Ball 1-0: Swinging Strike 1-1: Ground out 6-3 (Groundball, 6MS) Phil Baker to second
|
Pitching: RHP Herman Barnes
|
|
Batting: LHB Bastyăo Lizardo
|
0-0: Fly out, F6 (Line Drive, 6)
|
Bottom of the 7th over - 0 run(s), 1 hit(s), 0 error(s), 1 left on base; Santa Barbara 9 - Florida 2 |
TOP OF THE 8TH |
Santa Barbara Golden Cranes batting - Pitching for Florida Men : RHP Carlos González
|
Batting: RHB Daniel Maldonado
|
0-0: Ball 1-0: Swinging Strike 1-1: Swinging Strike 1-2: Ball 2-2: Foul Ball, location: 2F 2-2: Ball 3-2: Fly out, F9 (Flyball, 9S)
|
Batting: RHB Logan Manning
|
0-0: DOUBLE (Flyball, 89M)
|
Batting: RHB Terry Sylvester
|
0-0: Swinging Strike 0-1: Ball 1-1: Swinging Strike 1-2: Ball 2-2: Foul Ball, location: 2F 2-2: Ball 3-2: Ground out 4-3 (Groundball, 4M) Logan Manning to third
|
Batting: RHB Gilbert Graham
|
0-0: Swinging Strike 0-1: Called Strike 0-2: Foul Ball, location: 2F 0-2: Ball 1-2: Ball 2-2: Ball 3-2: Foul Ball, location: 2F 3-2: SINGLE (Groundball, 6MD) Logan Manning scores
|
Batting: LHB Sixto Álvarez
|
0-0: Ball 1-0: Foul Ball, location: 2F 1-1: Ball 2-1: SINGLE (Groundball, 34D) Gilbert Graham to second Runner from 2nd tries for 3rd, SAFE, no throw
|
Batting: RHB Edmund Gallagher
|
0-0: Fielders Choice at 2nd, 5-4 (Groundball, 56)
|
Top of the 8th over - 1 run(s), 3 hit(s), 0 error(s), 1 left on base; Santa Barbara 10 - Florida 2 |
BOTTOM OF THE 8TH |
Florida Men batting - Pitching for Santa Barbara Golden Cranes : RHP Herman Barnes
|
Batting: RHB Israel Sanders
|
0-0: Foul Ball, location: 2F 0-1: Fly out, F8 (Flyball, 8LM)
|
Batting: SHB Luis Gutiérrez
|
0-0: Foul Ball, location: 2F 0-1: Ball 1-1: Ball 2-1: Foul Ball, location: 2F 2-2: Foul Ball, location: 2F 2-2: Foul Ball, location: 2F 2-2: Ball 3-2: Ground out 4-3 (Groundball, 4)
|
Batting: RHB Lorenzo Díaz
|
0-0: Fly out, F5 (Popup, 5D)
|
Bottom of the 8th over - 0 run(s), 0 hit(s), 0 error(s), 0 left on base; Santa Barbara 10 - Florida 2 |
TOP OF THE 9TH |
Santa Barbara Golden Cranes batting - Pitching for Florida Men : RHP Carlos González
|
Pitching: RHP Jim Unknown
|
|
Batting: RHB Ed St. James
|
0-0: Ball 1-0: Ball 2-0: Foul Ball, location: 2F 2-1: Ball 3-1: Base on Balls
|
Batting: LHB Armando Villarreal
|
0-0: Ball 1-0: Foul Ball, location: 2F 1-1: Ball Ed St. James is caught stealing 2nd base 2-1: Ball 3-1: Called Strike 3-2: Strikes out swinging
|
Batting: RHB Luis Trevino
|
0-0: Swinging Strike 0-1: Ball 1-1: Ball 2-1: Fly out, F9 (Flyball, 9S)
|
Top of the 9th over - 0 run(s), 0 hit(s), 0 error(s), 0 left on base; Santa Barbara 10 - Florida 2 |
BOTTOM OF THE 9TH |
Florida Men batting - Pitching for Santa Barbara Golden Cranes : RHP Herman Barnes
|
Now at C: Héctor Moreno
|
|
Batting: RHB Pat Ings
|
0-0: Called Strike 0-1: Ball 1-1: Foul Ball, location: 2F 1-2: Ground out 4-3 (Groundball, 4)
|
Batting: RHB Jim Unknown
|
0-0: Called Strike 0-1: SINGLE (Flyball, 9LS)
|
Batting: RHB Gilberto Patino
|
0-0: Called Strike 0-1: Foul Ball, location: 2F 0-2: Ball 1-2: Fly out, F7 (Flyball, 7S)
|
Batting: RHB Phil Baker
|
0-0: Swinging Strike 0-1: Foul Ball, location: 2F 0-2: Ball 1-2: Strikes out looking
|
Bottom of the 9th over - 0 run(s), 1 hit(s), 0 error(s), 1 left on base; Santa Barbara 10 - Florida 2 |
|